 Dungeon Crawl Stone Soup version 0.28.0-53-g5a82cb258f (webtiles) character file.

Game seed: 4090408613271539926

2462 issech the Cleaver (level 9, -2/71 HPs)
             Began as a Minotaur Monk on June 29, 2022.
             Was a Believer of Hepliaklqana.
             Slain by a hellwing (4 damage)
             ... on level 7 of the Dungeon.
             The game lasted 00:17:57 (6940 turns).

issech the Cleaver (Minotaur Monk)                  Turns: 6940, Time: 00:17:57

Health: -2/71      AC: 14    Str: 16    XL:     9   Next: 26%
Magic:  8/8        EV:  9    Int:  7    God:    Hepliaklqana [**....]
Gold:   441        SH:  0    Dex: 17    Spells: 7/8 levels left

rFire   . . .      SeeInvis .   N - +0 war axe
rCold   . . .      Faith    .   k - orb {mayhem}
rNeg    . . .      Spirit   .   P - +0 chain mail
rPois   .          Reflect  .   (helmet restricted)
rElec   .          Harm     .   O - +2 cloak
rCorr   .          Rampage  .   E - +0 pair of gloves
Will    +....                   (no boots)
Stlth   ..........              (no amulet)
HPRegen 0.21/turn               y - +4 ring of slaying
MPRegen 0.11/turn               J - ring of willpower

@: no status effects
A: reduced essence, horns 2, retaliatory headbutt
a: Renounce Religion, Recall Ancestor, Ancestor Identity


You were on level 7 of the Dungeon.
You worshipped Hepliaklqana.
Hepliaklqana was pleased with you.
You visited 2 branches of the dungeon, and saw 8 of its levels.

You collected 441 gold pieces.

Inventory:

Hand Weapons
 j - a +0 hunting sling
 N - a +0 war axe (weapon)
 Q - a +0 glaive
 T - a +0 lajatang
 X - a +0 arbalest
 Y - a +0 shortbow
Missiles
 g - 200 arrows
 o - 165 stones
 r - 23 sling bullets
 t - 64 bolts
 L - 6 boomerangs
 M - 8 javelins
 W - 5 poisoned darts
Armour
 k - an orb of mayhem (worn)
 E - a +0 pair of gloves (worn)
 O - a +2 cloak (worn)
 P - a +0 chain mail (worn)
 R - a +2 robe of cold resistance
Jewellery
 d - a +6 ring of intelligence
 i - a ring of wizardry
 s - a ring of positive energy
 y - a +4 ring of slaying (left hand)
 B - a ring of wizardry
 D - a +6 ring of intelligence
 J - a ring of willpower (right hand)
Wands
 S - a wand of polymorph (2)
Scrolls
 h - 3 scrolls of fog
 m - a scroll of teleportation
 p - 3 scrolls of amnesia
 w - a scroll of magic mapping
 x - a scroll of blinking {unknown}
 A - a scroll of acquirement {unknown}
 C - 2 scrolls of vulnerability {unknown}
 G - a scroll of noise {unknown}
 H - a scroll of enchant armour {unknown}
 V - a scroll of enchant weapon {unknown}
Potions
 e - 2 potions of resistance
 f - 4 potions of curing {unknown}
 l - 4 potions of heal wounds {unknown}
 I - a potion of lignification {unknown}
 K - a potion of cancellation {unknown}
 U - a potion of flight {unknown}
 Z - a potion of mutation {unknown}


   Skills:
 + Level 7.1 Fighting
 + Level 5.3 Long Blades
 + Level 9.5 Axes
 + Level 5.9 Armour
 + Level 5.0 Dodging
 + Level 3.5 Stealth
 + Level 0.2 Spellcasting
 + Level 0.1 Conjurations
 + Level 0.8 Air Magic


You had 7 spell levels left.
You knew the following spells:

 Your Spells              Type           Power      Damage    Failure   Level
a - Shock                 Conj/Air       0%         1d3       99%         1

Your spell library contained the following spells:

 Spells                   Type           Power      Damage    Failure   Level
 Animate Skeleton         Necr           0%         N/A       100%        1
 Pain                     Necr           0%         1d4       100%        1
 Swiftness                Air            1%         N/A       100%        3
 Vampiric Draining        Necr           0%         2d6       100%        3
 Airstrike                Air            0%         N/A       100%        4


Dungeon Overview and Level Annotations

Branches:
Dungeon (7/15)             Temple (1/1) D:6

Altars:
Ashenzari
Cheibriados
Dithmenos
Elyvilon
Fedhas
Gozag
Hepliaklqana
Kikubaaqudgha
Makhleb
Nemelex Xobeh
Okawaru
Qazlal
Ru
Sif Muna
Trog
Uskayaw
Vehumet
Wu Jian
Xom
Yredelemnul
Zin
The Shining One
Lugonu

Portals:
Abyss: D:1


Innate Abilities, Weirdness & Mutations

Your life essence is reduced to manifest your ancestor. (-10% HP)
You have a pair of horns on your head.
You reflexively headbutt those who attack you in melee.


Message History

The centaur warrior skeleton hits you.
* * * LOW HITPOINT WARNING * * *
The centaur warrior skeleton kicks you but does no damage.
The hellwing closely misses you. You furiously retaliate!
You headbutt the hellwing! The hellwing closely misses you.
The shadow imp hits Kateb!
Kateb casts a spell at the centaur warrior skeleton.
The puff of frost hits the centaur warrior skeleton.
The centaur warrior skeleton resists.
The centaur warrior skeleton closely misses you.
You furiously retaliate!
You headbutt the centaur warrior skeleton.
The centaur warrior skeleton kicks you but does no damage.
Your orc wizard hits the hellwing but does no damage.
The shadow imp closely misses Kateb.
Your bullfrog skeleton hits the hellwing.
The hellwing hits your bullfrog skeleton! x2
Your white imp hits the hellwing but does no damage.
Your orc wizard hits the hellwing but does no damage.
Your orc barely misses the hellwing.
Your bullfrog skeleton barely misses the hellwing.
The shadow imp hits Kateb.
The hellwing hits your bullfrog skeleton!
Your bullfrog skeleton is destroyed!
Your bullfrog skeleton dissolves into shadows!
Your white imp gestures at the hellwing.
The puff of frost hits the hellwing but does no damage.
The centaur warrior skeleton hits you but does no damage.
The centaur warrior skeleton kicks you but does no damage.
Your orc wizard hits the hellwing but does no damage.
Your orc hits the hellwing but does no damage. x2
Kateb gestures at the centaur warrior skeleton while chanting.
The puff of frost hits the centaur warrior skeleton.
The centaur warrior skeleton resists.
An orc warrior comes into view. It is wielding a +0 glaive.
The shadow imp barely misses the hellwing.
The hellwing swoops through the air toward you!
The hellwing hits you but does no damage.
The hellwing hits you.
You die...

....................#..#.##..#...
.....#..#.........Z.(.....#))...#
..####.##........?....##.....)..#
..........####.........#
..........5#5.....#....#
.......#.R..o.....#...##
......###.ooo.........##
...[....Z..........<...#
......4@.###############
.........# .........# o.........
......##.## ...... ... #....# ...
..... ...


You could see the friendly Kateb the battlemage, a hellwing (ally target), an
orc warrior (wandering), a centaur warrior skeleton (ally target), a neutral
shadow imp (fast, strong, insane), a friendly orc wizard (summoned), a friendly
white imp (summoned) and 3 friendly orcs.

Vanquished Creatures
  A centaur zombie (D:7)
  A hellwing (D:7)
  A steam dragon (D:6)
  2 sky beasts (D:6)
  An ice beast (D:6)
  3 necrophages
  2 black bears
  A phantom (D:4)
  2 scorpions (D:6)
  A hound (D:4)
  A jelly (D:5)
  An orc priest (D:6)
  3 iguanas
  A hound zombie (D:5)
  5 gnolls
  2 adders (D:3)
  2 shadow imps (D:7)
  2 white imps
  2 ufetubi (D:5)
  An adder skeleton (D:4)
  5 worms
  5 dart slugs
  5 orcs
  5 ball pythons
  7 endoplasms
  3 giant cockroaches
  3 goblins
  8 hobgoblins
  4 jackals (D:1)
  5 quokkas
  7 bats
  2 frilled lizards
  6 kobolds
  6 rats
106 creatures vanquished.

Vanquished Creatures (collateral kills)
  A water moccasin (D:7)
  An orc warrior (D:7)
  A centaur (D:6)
  Blork the orc (D:5)
  A scorpion (D:6)
  An iguana (D:6)
  An orc wizard (D:7)
  A gnoll (D:2)
  A white imp (D:6)
9 creatures vanquished.

Vanquished Creatures (others)
  A battlemage (D:5)
  3 withered plants (D:7)
4 creatures vanquished.

Grand Total: 119 creatures vanquished

Notes
Turn   | Place    | Note
-------+----------+-------------------------------------------
     0 | D:1      | issech the Minotaur Monk began the quest for the Orb.
     0 | D:1      | Reached XP level 1. HP: 19/19 MP: 0/0
    78 | D:1      | Found a corrupted altar of Lugonu.
    78 | D:1      | Found a one-way gate to the infinite horrors of the Abyss.
    78 | D:1      | Noticed a quasit
    78 | D:1      | Noticed a quasit
    78 | D:1      | Noticed an iron imp
    78 | D:1      | Noticed a quasit
    78 | D:1      | Noticed a quasit
    79 | D:1      | Noticed a quasit
    82 | D:1      | Noticed a demonic crawler
    83 | D:1      | Noticed a quasit
    83 | D:1      | Noticed a demonic crawler
   122 | D:1      | Reached XP level 2. HP: 26/27 MP: 1/1
   424 | D:1      | Found a faded altar of an unknown god.
   623 | D:1      | Reached skill level 4 in Axes
  1179 | D:2      | Reached XP level 3. HP: 8/33 MP: 2/2
  1861 | D:2      | Noticed a necrophage
  1880 | D:2      | Killed a necrophage
  1881 | D:2      | Reached skill level 5 in Axes
  1881 | D:2      | Reached XP level 4. HP: 3/41 MP: 3/3
  1881 | D:2      | Reached XP level 5. HP: 3/47 MP: 4/4
  1886 | D:2      | Learned a level 1 spell: Shock
  4172 | D:4      | Noticed a phantom
  4179 | D:4      | Killed a phantom
  4180 | D:4      | Reached skill level 1 in Long Blades
  4180 | D:4      | Reached XP level 6. HP: 45/55 MP: 5/5
  4255 | D:4      | Reached skill level 5 in Fighting
  4255 | D:4      | Reached skill level 1 in Armour
  4712 | D:5      | Entered Level 5 of the Dungeon
  4742 | D:5      | Found a bloodstained altar of Trog.
  4825 | D:5      | Reached XP level 7. HP: 53/61 MP: 6/6
  5133 | D:5      | Found a hazy altar of Hepliaklqana.
  5139 | D:5      | Became a worshipper of Hepliaklqana the Forgotten
  5139 | D:5      | Reached * piety under Hepliaklqana
  5139 | D:5      | Reached ** piety under Hepliaklqana
  5140 | D:5      | Remembered your ancestor Kateb as a battlemage
  5214 | D:5      | Noticed Blork the orc
  5224 | D:5      | Killed Blork the orc
  5225 | D:5      | Reached skill level 6 in Axes
  5653 | D:5      | Found a shimmering blue altar of Sif Muna.
  5653 | D:5      | Found a basalt altar of Yredelemnul.
  5826 | D:6      | Found a staircase to the Ecumenical Temple.
  5839 | Temple   | Entered the Ecumenical Temple
  6004 | D:6      | Reached skill level 7 in Axes
  6004 | D:6      | Reached XP level 8. HP: 63/63 MP: 7/7
  6017 | D:6      | Reached skill level 5 in Long Blades
  6369 | D:6      | Reached skill level 8 in Axes
  6429 | D:6      | Found a basalt altar of Yredelemnul.
  6690 | D:7      | Noticed a hellwing
  6691 | D:7      | Noticed a hellwing
  6871 | D:7      | Reached skill level 5 in Armour
  6908 | D:7      | Reached skill level 9 in Axes
  6908 | D:7      | Reached XP level 9. HP: 44/71 MP: 8/8
  6934 | D:7      | HP: 2/71 [hellwing (3)]
  6935 | D:7      | Killed a hellwing
  6936 | D:7      | Reached skill level 5 in Dodging
  6940 | D:7      | Slain by a hellwing

Illustrated notes

Levels and vault maps discovered:
D:1:      erik_arrival_cave_to_civilisation [erik_arrival_cave_to_temple],
          layout_basic, chequers_ecumenical_altar_simple_redux
D:2:      layout_loops_ring, minmay_pentomino_o4
D:3:      layout_loops_ring
D:4:      layout_loops_ring
D:5:      layout_loops_ring, kennysheep_little_box,
          gammafunk_temple_overflow_wave, trog_three_pillars_becter,
          st_stairs_11, uniq_blork_the_orc
D:6:      layout_basic, minmay_temple_entry_proselytizer, minmay_fountain_box,
          kennysheep_flooded_box
D:7:      cheibrodos_grave_circle, layout_cave_pools, hangedman_minor_gate_pass
Temple:   compressed_dpeg_circular_temple

Skill      XL: |  1  2  3  4  5  6  7  8  9 |
---------------+----------------------------+-----
Fighting       | 4 5 7 |  7.1
Axes           | 4 5 7 9 |  9.5
Stealth        | 2 3 |  3.5
Dodging        | 4 5 |  5.0
Long Blades    | 1 3 4 5 |  5.3
Armour         | 1 3 5 |  5.9
Spellcasting   | |  0.2
Conjurations   | |  0.1
Air Magic      | |  0.8

Action                   |  1- 3 |  4- 6 |  7- 9 || total
-------------------------+-------+-------+-------++-------
Melee: Hand axe          |    58 |    43 |       ||   101
       Headbutt          |     7 |    29 |    15 ||    51
       Long sword        |       |    54 |       ||    54
       War axe           |       |    16 |    68 ||    84
Throw: Throwing net      |     1 |       |       ||     1
       Stone             |       |     1 |       ||     1
 Cast: Shock             |       |    17 |       ||    17
Invok: Ancestor Life: Ba |       |       |     1 ||     1
  Use: Scroll            |       |       |     6 ||     6
 Stab: Sleeping          |     2 |       |       ||     2
       Distracted        |       |       |     3 ||     3
Armor: Robe              |     8 |       |       ||     8
       Ring mail         |       |    16 |       ||    16
       Scale mail        |       |    21 |       ||    21
       Chain mail        |       |     7 |    68 ||    75
Dodge: Dodged            |    52 |    79 |    46 ||   177
